AoeStats
← [La14]Uvita

Arabia

508871599Analyzed
1v1 RM · 8d ago on Sep 24, 2026· 37m 25s· 2 players
Game mode
Random Map
Map size
Tiny (2 player)
Population
200
Speed
Normal
Resources
Standard
Victory
Conquest
Starting age
Dark Age
Ending age
Imperial Age
RankedLock teamsTeams togetherTeam positionsShared explorationLock speedFull tech treeHidden civsTurbo modeCheats
Victory
Defeat
🇦🇺 Magyars · Australia
902
+16
🇦🇷 Magyars · Argentina
892
-16
[La14]Uvita
6:25 Loom
10:05 Feudal Age
11:03 Double-Bit Axe
10:59 Horse Collar
18:30 Wheelbarrow
19:15 Fletching
25:17 Castle Age
23:29 Gold Mining
24:16 Scale Mail Armor
26:10 Elite Skirmisher
27:50 Padded Archer Armor
28:30 Scale Barding Armor
28:41 Bloodlines
28:44 Stone Mining
29:46 Pikeman
30:38 Bodkin Arrow
Evandar3925
7:00 Loom
9:54 Feudal Age
10:24 Double-Bit Axe
10:33 Horse Collar
18:06 Gold Mining
19:31 Bloodlines
24:13 Castle Age
22:38 Scale Barding Armor
24:59 Wheelbarrow
24:33 Light Cavalry
25:13 Husbandry
25:36 Chain Barding Armor
28:14 Hand Cart
39:55 Imperial Age
Connection lost

Rejoining the realm…

Still unreachable

The connection could not be restored.

Session expired

The server has moved on; the page needs a fresh start.